 Dungeon Crawl Stone Soup version 0.23.0-3-gf3c87f2 (webtiles) character file.

Game seed: 1793137430187926005

48 nel the Skirmisher (level 3, 29/29 HPs)
             Began as a Demonspawn Abyssal Knight on Feb 21, 2019.
             Was a Follower of Lugonu.
             Quit the game on level 2 of the Dungeon on Feb 24, 2019.
             The game lasted 00:04:05 (1154 turns).

nel the Skirmisher (Demonspawn Abyssal Knight)      Turns: 1154, Time: 00:04:05

Health: 29/29      AC:  8    Str: 13    XL:     3   Next: 50%
Magic:  5/5        EV: 11    Int: 13    God:    Lugonu [*.....]
Gold:   68         SH:  0    Dex: 12    Spells: 2/2 levels left

rFire    . . .     SeeInvis .   a - +1 mace
rCold    . . .     Gourm    .   (no shield)
rNeg     . . .     Faith    .   b - +0 leather armour
rPois    .         Spirit   .   (no helmet)
rElec    .         Reflect  .   d - +0 cloak
rCorr    .         Harm     .   (no gloves)
MR       .....                  (no boots)
Stlth    +.........             (no amulet)
HPRegen  0.09/turn              l - +3 ring of protection
MPRegen  0.09/turn              (no ring)

@: no status effects
A: rugged brown scales 1, demonic guardian 1
a: Depart the Abyss, Renounce Religion


You were on level 2 of the Dungeon.
You worshipped Lugonu.
Lugonu was aware of your devotion.
You were not hungry.

You visited 1 branch of the dungeon, and saw 2 of its levels.
You visited the Abyss 1 time.

You collected 68 gold pieces.

Inventory:

Hand Weapons
 a - a +1 mace (weapon)
Missiles
 o - 2 throwing nets (quivered)
Armour
 b - a +0 leather armour (worn)
 d - a +0 cloak (worn)
 m - a cursed -2 scale mail
Jewellery
 l - a +3 ring of protection (left hand)
 n - an uncursed ring of wizardry {unknown}
 q - a cursed ring of attention {unknown}
Scrolls
 e - a scroll of enchant weapon {unknown}
 i - 2 scrolls of amnesia {unknown}
 j - a scroll of random uselessness {unknown}
 k - 2 scrolls of blinking {unknown}
Potions
 f - 2 potions of invisibility {unknown}
 g - a potion of might {unknown}
 h - a potion of degeneration {unknown}
 r - a potion of heal wounds {unknown}
Comestibles
 c - 2 rations
 p - a chunk of flesh


   Skills:
 - Level 3.3 Fighting
 * Level 2.3 Maces & Flails
 + Level 2.3 Armour
 + Level 1.4 Dodging
 - Level 2.8 Invocations


You had 2 spell levels left.
You didn't know any spells.
Your spell library was empty.

Dungeon Overview and Level Annotations

Branches:
Dungeon (2/15)

Altars:


Innate Abilities, Weirdness & Mutations

You are partially covered in rugged brown scales. (AC +1, +3% HP)
A weak demonic guardian rushes to your aid.


Message History

q - a blackened emerald ring The rat bites you but does no damage.
You barely miss the rat. The rat bites you but does no damage.
You thump the rat!
You kill the rat!
Lugonu accepts your kill.
No target in view!
No target in view!
c - 2 rations (gained 1)
You start resting.
Eating one of 2 chunks of flesh.
You eat one of the 2 chunks of flesh.
This raw flesh tastes terrible.
HP restored.
Found a stone staircase leading up.
There is a stone staircase leading up here.
r - a bubbling inky potion
Found 24 stones.
An adder comes into view.
The adder hisses angrily.
Are you sure you want to abandon this character and quit the game? (Confirm with "yes".)

#### ..# #.#
#.###############
.######...............#
#...(...#############.#
##..##.#@## #.#
##...###S## #.# .
##..##.#...#### #.# ..
#... ......... #.# ...
.... #>...### #.#
..##.####.#.## #.#
...........###.# #.#
#######.####.....##.#
#.#
#(..............###.#
##.#


You could see an adder.

Vanquished Creatures
  2 adders (D:2)
  A leopard gecko (D:1)
  3 giant cockroaches
  3 hobgoblins
  2 kobolds (D:1)
  4 bats (D:1)
  A frilled lizard (D:1)
  5 goblins
  5 rats
26 creatures vanquished.

Notes
Turn   | Place    | Note
-------+----------+-------------------------------------------
     0 | Abyss:1  | nel the Demonspawn Abyssal Knight began the quest for the
                  | Orb.
     0 | Abyss:1  | Reached XP level 1. HP: 18/18 MP: 2/2
    25 | Abyss:1  | Noticed a smoke demon
    26 | D:1      | Escaped the Abyss
   261 | D:1      | Reached skill level 1 in Dodging
   326 | D:1      | Gained mutation: A weak demonic guardian rushes to your
                  | aid. [demonic ancestry]
   326 | D:1      | Reached XP level 2. HP: 24/24 MP: 3/3
   430 | D:1      | Reached * piety under Lugonu
   885 | D:2      | Gained mutation: You are partially covered in rugged brown
                  | scales. (AC +1, +3% HP) [demonic ancestry]
   885 | D:2      | Reached XP level 3. HP: 22/29 MP: 5/5
  1154 | D:2      | Quit the game

Skill      XL: |  1  2 |
---------------+-------+-----
Dodging        | 1 |  1.4
Armour         | 2 |  2.3
Maces & Flails | 2 |  2.3
Fighting       | |  3.3
Invocations    | |  2.8

Action                   || total
-------------------------++-------
Melee: Mace              ||    65
Invok: Depart the Abyss  ||     1
  Eat: Chunk             ||     1
Armor: Leather armour    ||    41
Dodge: Dodged            ||    51
